 Dungeon Crawl Stone Soup version 0.18.1-5-g4a78601 (webtiles) character file.

128328 Mefis the Thaumaturge (level 16, 0/80 HPs)
             Began as a Deep Elf Wizard on May 14, 2016.
             Was a High Priest of Sif Muna.
             Slain by a ghost moth (11 damage)
             ... on level 3 of the Spider Nest.
             The game lasted 03:47:53 (46266 turns).

Mefis the Thaumaturge (Deep Elf Wizard)            Turns: 46266, Time: 03:47:54

Health: 0/80       AC: 15    Str: 12 (13) XL:     16   Next: 48%
Magic:  0/38       EV: 18    Int: 35      God:    Sif Muna [*****.]
Gold:   1511       SH:  8    Dex: 13      Spells: 13 memorised, 1 level left

rFire  + . .     SeeInvis .     a - +6 spear of the Queen {venom, Int+6}
rCold  x . .     Gourm    .     E - +3 leather armour {rPois}
rNeg   . . .     Faith    .     O - +3 buckler
rPois  +         Spirit   .     S - +2 helmet "Ukat" {*Corrode MP-9 Str+7}
rElec  .         Dismiss  .     w - +2 cloak
rCorr  .         Reflect  .     r - +2 pair of gloves
SustAt .         Harm     .     (no boots)
MR     +....                    f - amulet of magic regeneration
Stlth  +++.......               m - ring of fire
                                V - ring of magical power

@: delayed fireball, repel missiles, somewhat resistant to hostile enchantments,
fairly stealthy
A: blink, high mp 1
a: Blink, Channel Energy, Forget Spell, Renounce Religion, Release Delayed
Fireball


You were on level 3 of the Spider Nest.
You worshipped Sif Muna.
Sif Muna was extremely pleased with you.
You were not hungry.

You visited 4 branches of the dungeon, and saw 27 of its levels.

You collected 2221 gold pieces.
You spent 710 gold pieces at shops.

Inventory:

Hand Weapons
 a - the +6 spear of the Queen (weapon) {venom, Int+6}
   (You found it on level 13 of the Dungeon)

   It poisons the flesh of those it strikes.
   It affects your intelligence (+6).
 b - a +9 blowgun
Missiles
 D - 34 poisoned needles
 X - 14 curare-tipped needles
Armour
 r - a +2 pair of gloves (worn)
 w - a +2 cloak (worn)
 E - a +3 leather armour of poison resistance (worn)
 L - a +0 leather armour of cold resistance
 O - a +3 buckler (worn)
 S - the +2 helmet "Ukat" (worn) {*Corrode MP-9 Str+7}
   (You found it on level 8 of the Dungeon)

   It affects your strength (+7).
   It affects your magic capacity (-9).
   It may corrode you when you take damage.
Jewellery
 f - an amulet of magic regeneration (around neck)
 j - an uncursed ring of resist corrosion
 m - a ring of fire (right hand)
 v - an uncursed ring of flight
 G - an uncursed ring of magical power
 V - a ring of magical power (left hand)
Wands
 k - a wand of flame (28/48)
 z - a wand of digging (22/24)
 W - a wand of hasting (6/9)
Scrolls
 c - a scroll of amnesia {unknown}
 q - a scroll of fear
 t - 3 scrolls of magic mapping
 A - a scroll of identify
 B - a scroll of recharging
 H - 4 scrolls of enchant armour
 M - 4 scrolls of teleportation
 R - 11 scrolls of remove curse
 Y - a scroll of fog {unknown}
Potions
 e - 6 potions of heal wounds
 g - 6 potions of flight
 h - 2 potions of agility
 p - 7 potions of curing
 u - a potion of ambrosia
 I - a potion of haste
 K - 4 potions of magic
 Z - 3 potions of resistance
Books
 d - a book of Fire

   Spells                             Type                      Level
   a - Ignite Poison                  Fire/Transmutation/Poison    3
   b - Fireball                       Conjuration/Fire             5
   c - Bolt of Fire                   Conjuration/Fire             6
   d - Delayed Fireball               Conjuration/Fire             7
   e - Ring of Flames                 Charms/Fire                  7
 s - a book of Air

   Spells                             Type                      Level
   a - Shock                          Conjuration/Air              1
   b - Swiftness                      Charms/Air                   2
   c - Repel Missiles                 Charms/Air                   2
   d - Static Discharge               Conjuration/Air              3
   e - Lightning Bolt                 Conjuration/Air              5
 x - a book of the Earth

   Spells                             Type                      Level
   a - Leda's Liquefaction            Hexes/Earth                  4
   b - Bolt of Magma                  Conjuration/Fire/Earth       5
   c - Statue Form                    Transmutation/Earth          6
   d - Iron Shot                      Conjuration/Earth            6
   e - Shatter                        Earth                        9
 y - a book of Battle

   Spells                             Type                      Level
   a - Infusion                       Charms                       1
   b - Shroud of Golubria             Charms/Translocation         2
   c - Song of Slaying                Charms                       2
   d - Spectral Weapon                Hexes/Charms                 3
   e - Regeneration                   Charms/Necromancy            3
 P - Sif Muna's Disquisition on Destructive Good Luck
   (Sif Muna gifted it to you on level 5 of the Lair of Beasts)

   Spells                             Type                      Level
   a - Song of Slaying                Charms                       2
   b - Swiftness                      Charms/Air                   2
   c - Excruciating Wounds            Charms/Necromancy            5
   d - Freezing Cloud                 Conjuration/Ice/Air          6
 T - a book of Burglary

   Spells                             Type                      Level
   a - Swiftness                      Charms/Air                   2
   b - Passwall                       Transmutation/Earth          2
   c - Passage of Golubria            Translocation                4
   d - Lee's Rapid Deconstruction     Earth                        5
   e - Darkness                       Hexes                        6
   f - Invisibility                   Hexes                        6
Miscellaneous
 i - a plain deck of wonders
 o - a disc of storms
 C - a plain deck of war
 U - an ornate deck of defence
Comestibles
 l - 11 royal jellies
 n - 31 fruits
 F - 5 slices of pizza
 J - 8 beef jerkies
 Q - 7 meat rations


   Skills:
 - Level 1.7 Fighting
 - Level 0.4(1.1) Polearms
   Level 2.2(2.3) Staves
 + Level 3.0 Throwing
 - Level 3.1 Armour
 + Level 12.5 Dodging
 - Level 6.5 Stealth
 - Level 4.0 Shields
 + Level 13.5 Spellcasting
 - Level 10.5 Conjurations
 - Level 9.6 Hexes
 * Level 13.0 Charms
 - Level 3.6 Summonings
 - Level 2.6 Translocations
 * Level 13.0 Fire Magic
   Level 5.1 Ice Magic
 - Level 9.2 Earth Magic
 - Level 7.7 Poison Magic
 + Level 9.9 Invocations
 - Level 5.2 Evocations


You had one spell level left.
You knew the following spells:

 Your Spells              Type           Power        Failure   Level  Hunger
a - Magic Dart            Conj           ####         1%          1    None
b - Summon Butterflies    Summ           #####...     1%          1    None
e - Mephitic Cloud        Conj/Pois/Air  ######..     1%          3    None
f - Fireball              Conj/Fire      ########..   1%          5    None
g - Slow                  Hex            ######..     1%          2    None
l - Shroud of Golubria    Chrm/Tloc      ######....   1%          2    None
o - Regeneration          Chrm/Necr      ######....   1%          3    None
p - Repel Missiles        Chrm/Air       ######       1%          2    None
q - Ring of Flames        Chrm/Fire      ########..   12%         7    #####..
v - Invisibility          Hex            ######..     8%          6    ###....
w - Leda's Liquefaction   Hex/Erth       ######....   1%          4    None
F - Delayed Fireball      Conj/Fire      N/A          17%         7    #####..
Q - Ignite Poison         Fire/Trmt/Pois #######.     1%          3    None


Dungeon Overview and Level Annotations

Branches:
Dungeon (15/15)            Temple (1/1) D:7            Lair (8/8) D:9
 Shoals (0/4) Lair:3       Spider (3/4) Lair:4        Slime (0/6) Lair:8
    Orc (0/2) D:12         Vaults (0/5) D:13
 Depths: D:15

Altars:
Ashenzari
Cheibriados
Dithmenos
Elyvilon
Fedhas
Gozag
Kikubaaqudgha
Makhleb
Nemelex Xobeh
Okawaru
Pakellas
Qazlal
Ru
Sif Muna
Trog
Vehumet
Xom
Yredelemnul
Zin
The Shining One

Shops:
D:7 (   D:13 *

Portals:
Trove: D:11 (give wand of hasting (9))

Annotations:
D:2 trees
D:7 dagger +4int 1450


Innate Abilities, Weirdness & Mutations

You can translocate small distances at will.
You have an increased reservoir of magic (+10% MP).


Message History

Confirm with . or Enter, or press ? or * to list all spells.
Okay, then.
You fail to use your ability.
Something closely misses you. Something hits you!
* * * LOW HITPOINT WARNING * * *
Your shroud falls apart!
Something stings you!
* * * LOW HITPOINT WARNING * * *
Drink which item? (? for menu, Esc to quit)
Okay, then.
Read which item? (? for menu, Esc to quit)
Okay, then.
Casting: Shroud of Golubria
Confirm with . or Enter, or press ? or * to list all spells.
You don't know that spell.
You blink.
You feel slightly more hungry.
You feel you are being watched by something.
You feel your power leaking away.
You feel you are being watched by something.
Something hits you!
You die...

###†.....###... .. ###
#.^............ #.
##>###.............. #..
##....#..............
.#...##.....#...^...#.}.>..
.....#.....##....#####.....
.........§...........#^..##
.......>.............##..#
..........@...........####
.....†.#...^..........###
..[....#...####.........#
.....###......##........#
..#..#...^.(..#.........# .
## #......^##.......###
#........#.........##
##...#..##..#.......#
#^.#########......^#


There were no monsters in sight!

Vanquished Creatures
  Frances (D:13)
  Maud (Lair:4)
  2 ghost moths
  An emperor scorpion (Spider:2)
  2 spark wasps
  5 vault guards (D:13)
  A fire dragon (Lair:8)
  Fannar (Lair:2)
  An entropy weaver (Lair:4)
  Harold (Lair:4)
  11 hydras
  10 centaur warriors
  2 ogre magi
  9 death yaks (Lair:7)
  A queen ant (Lair:7)
  Sonja (D:14)
  A wizard (D:13)
  2 unseen horrors
  3 hill giants
  A deep elf archer (D:13)
  The ghost of herpmino the Nimble, a novice TeTm (D:7)
  10 orb spiders
  4 deep elf magi
  An orc knight (D:12)
  4 ugly things
  A faun (shapeshifter) (D:15)
  3 griffons
  18 wolf spiders
  4 cyclopes
  A hornet (Spider:3)
  A moth of wrath (Spider:2)
  18 elephants
  Joseph (D:14)
  4 black mambas
  4 gargoyles
  2 torpor snails
  18 spiny frogs
  A kobold demonologist (D:13)
  A freezing wraith (D:14)
  12 komodo dragons
  A rime drake (Lair:8)
  A yaktaur (shapeshifter) (D:15)
  A yaktaur (D:13)
  A tengu conjurer (D:15)
  5 demonic crawlers
  6 trolls
  4 two-headed ogres
  A polar bear (Lair:7)
  A snapping turtle (Lair:3)
  20 jumping spiders
  20 blink frogs
  A boulder beetle (Spider:1)
  3 slime creatures (D:12)
  Sigmund (D:2)
  2 centaur simulacra (D:14)
  23 redbacks
  7 spriggans (Lair:1)
  4 shadows
  21 tarantellas
  4 wyverns
  A wraith (D:14)
  27 yaks
  8 basilisks
  12 hippogriffs
  6 steam dragons
  3 hungry ghosts
  9 vampire mosquitoes
  4 mottled dragons
  10 soldier ants
  Duvessa (D:6)
  15 water moccasins
  14 porcupines
  5 sky beasts
  4 ice beasts
  11 orc warriors
  4 black bears
  2 necrophages
  2 wasps (D:10)
  2 phantoms
  16 centaurs
  10 ogres
  7 wolves
  21 crocodiles
  3 big kobolds
  The ghost of dysrexia the Insei, an amateur TeTm (D:3)
  21 giant frogs
  A giant frog (shapeshifter) (D:5)
  Dowan (D:6)
  A wyvern zombie (D:12)
  7 scorpions
  14 killer bees
  2 electric eels
  5 wights (D:11)
  6 howler monkeys
  4 crimson imps
  6 centaur zombies
  A lava snake (Lair:2)
  A gnoll shaman (D:9)
  3 giant frog zombies
  9 jellies
  A giant frog skeleton (D:10)
  11 orc priests
  Crazy Yiuf (D:2)
  A centaur skeleton (D:9)
  7 hounds
  Jessica (D:3)
  15 iguanas
  Ijyb (D:2)
  5 hell rats (Lair:7)
  17 orc wizards
  35 worker ants
  13 sheep
  A worker ant zombie (D:5)
  10 gnolls
  13 adders
  64 river rats
  4 shadow imps
  2 oozes
  An adder skeleton (D:9)
  2 worms
  2 dart slugs
  9 giant geckos
  61 orcs
  4 giant cockroaches
  6 goblins
  5 hobgoblins
  10 jackals
  8 quokkas
  10 bats
  2 giant gecko skeletons
  3 giant newts
  2 jackal skeletons (D:4)
  16 kobolds
  6 rats
  2 fungi
  6 plants
930 creatures vanquished.

Vanquished Creatures (collateral kills)
  Grinder (D:3)
  2 killer bees (D:8)
3 creatures vanquished.

Vanquished Creatures (others)
  A jumping spider (Spider:1)
  A river rat (Lair:4)
  2 bushes (D:15)
  12 fungi
  20 plants
36 creatures vanquished.

Grand Total: 969 creatures vanquished

Notes
Turn   | Place    | Note
--------------------------------------------------------------
     0 | D:1      | Mefis the Deep Elf Wizard began the quest for the Orb.
     0 | D:1      | Reached XP level 1. HP: 10/10 MP: 7/7
   429 | D:1      | Reached XP level 2. HP: 15/15 MP: 5/9
   466 | D:1      | Learned a level 2 spell: Call Imp
   469 | D:1      | Learned a level 2 spell: Blink
   472 | D:1      | Learned a level 2 spell: Repel Missiles
  1229 | D:2      | Reached XP level 3. HP: 19/19 MP: 9/11
  1620 | D:2      | Noticed Crazy Yiuf
  1627 | D:2      | Learned a level 3 spell: Mephitic Cloud
  1642 | D:2      | Killed Crazy Yiuf
  1642 | D:2      | Reached XP level 4. HP: 24/24 MP: 1/12
  1782 | D:2      | Found a radiant altar of Vehumet.
  1905 | D:2      | Noticed Ijyb
  1915 | D:2      | Noticed Sigmund
  1937 | D:2      | Killed Ijyb
  1993 | D:2      | Found a faded altar to an unknown god.
  2029 | D:2      | Killed Sigmund
  2029 | D:2      | Reached skill level 5 in Spellcasting
  2029 | D:2      | Reached skill level 1 in Poison Magic
  2029 | D:2      | Reached XP level 5. HP: 24/28 MP: 3/14
  2029 | D:2      | Reached XP level 6. HP: 28/32 MP: 3/15
  2449 | D:2      | Found a bloodstained altar of Trog.
  2626 | D:3      | Noticed Jessica
  2630 | D:3      | Killed Jessica
  2664 | D:3      | Learned a level 3 spell: Conjure Flame
  2667 | D:3      | Learned a level 2 spell: Slow
  2975 | D:3      | Noticed dysrexia's ghost (amateur TeTm)
  2990 | D:3      | Killed dysrexia's ghost
  3043 | D:3      | Noticed Grinder
  3063 | D:3      | Paralysed by Grinder for 5 turns
  3985 | D:3      | Paralysed by Grinder for 2 turns
  4010 | D:3      | Killed Grinder
  4010 | D:3      | Reached skill level 1 in Hexes
  4010 | D:3      | Reached skill level 1 in Fire Magic
  4010 | D:3      | Reached XP level 7. HP: 12/36 MP: 7/17
  4652 | D:4      | Reached skill level 1 in Staves
  4769 | D:4      | Reached skill level 1 in Armour
  4833 | D:4      | Reached skill level 5 in Stealth
  5168 | D:4      | Gained mutation: Your spells are a little easier to cast, but a little less powerful. [mutagenic meat]
  5169 | D:4      | Gained mutation: You are clumsy. (Dex -2) [mutagenic meat]
  5170 | D:4      | Gained mutation: You have very sharp teeth. [mutagenic meat]
  5171 | D:4      | Gained mutation: You are frail (-10% HP). [mutagenic meat]
  5172 | D:4      | Gained mutation: You are very frail (-20% HP). [mutagenic meat]
  5261 | D:4      | Found a burning altar of Makhleb.
  5322 | D:4      | Reached skill level 1 in Fighting
  5322 | D:4      | Reached XP level 8. HP: 34/34 MP: 8/18
  5580 | D:4      | Lost mutation: You are clumsy. (Dex -2) [potion of cure mutation]
  5580 | D:4      | Lost mutation: You are very frail (-20% HP). [potion of cure mutation]
  5580 | D:4      | Lost mutation: You are frail (-10% HP). [potion of cure mutation]
  5580 | D:4      | Lost mutation: Your spells are a little easier to cast, but a little less powerful. [potion of cure mutation]
  5580 | D:4      | Lost mutation: You have very sharp teeth. [potion of cure mutation]
  5839 | D:5      | Entered Level 5 of the Dungeon
  6164 | D:5      | Found a stormy altar of Qazlal.
  6214 | D:5      | Gained mutation: You are partially covered in icy blue scales (AC +1). [mutagenic meat]
  6215 | D:5      | Gained mutation: You are frail (-10% HP). [mutagenic meat]
  6216 | D:5      | Gained mutation: Your muscles are strong. (Str +2) [mutagenic meat]
  6217 | D:5      | Gained mutation: You evolve. [mutagenic meat]
  6336 | D:5      | Gained mutation: You have an increased reservoir of magic (+10% MP). [evolution]
  7037 | D:5      | Reached skill level 5 in Dodging
  7149 | D:6      | Noticed Duvessa
  7156 | D:6      | Noticed Dowan
  7157 | D:6      | Killed Duvessa
  7645 | D:6      | Killed Dowan
  7645 | D:6      | Reached skill level 5 in Conjurations
  7797 | D:6      | Found an oddly glowing altar of Pakellas.
  8468 | D:6      | Reached XP level 9. HP: 43/43 MP: 8/22
  8799 | D:7      | Found an iron altar of Okawaru.
  8820 | D:7      | Learned a level 4 spell: Leda's Liquefaction
  8824 | D:7      | Got a scorched spear
  8828 | D:7      | Identified the cursed +1 spear "Massarem" {vamp, rC- MR+++ MP+9 Str+4} (You found it on level 7 of the Dungeon)
  8890 | D:7      | Gained mutation: You have a considerably increased reservoir of magic (+20% MP). [evolution]
  8907 | D:7      | Noticed herpmino's ghost (novice TeTm)
  8928 | D:7      | Killed herpmino's ghost
  8928 | D:7      | Reached skill level 1 in Earth Magic
  9053 | D:7      | Found a staircase to the Ecumenical Temple.
  9058 | Temple   | Entered the Ecumenical Temple
  9094 | Temple   | Became a worshipper of Sif Muna the Loreminder
  9185 | D:7      | Found Jiach's Antique Weapon Emporium.
  9457 | D:7      | Found an oddly glowing altar of Pakellas.
 10129 | D:8      | Reached * piety under Sif Muna
 10248 | D:8      | Reached skill level 5 in Fire Magic
 10585 | D:8      | Got a dazzling helmet
 10591 | D:8      | Identified the +2 helmet "Ukat" {*Corrode MP-9 Str+7} (You found it on level 8 of the Dungeon)
 11204 | D:9      | Found a shadowy altar of Dithmenos.
 11216 | D:9      | Reached XP level 10. HP: 47/47 MP: 15/27
 11234 | D:9      | Reached ** piety under Sif Muna
 11234 | D:9      | Reached skill level 5 in Poison Magic
 11874 | D:9      | Learned a level 5 spell: Bolt of Magma
 12508 | D:9      | Gained mutation: You have a pair of small horns on your head. [evolution]
 12593 | D:9      | Got a fine hand axe
 12618 | D:9      | Found a staircase to the Lair.
 12634 | Lair:1   | Entered Level 1 of the Lair of Beasts
 12813 | D:9      | Reached *** piety under Sif Muna
 13045 | Lair:1   | Identified the +5 hand axe "Pyostroe" {chop, +Inv Str+3 SInv} (You found it on level 9 of the Dungeon)
 13473 | D:9      | Reached skill level 5 in Earth Magic
 13941 | D:10     | Entered Level 10 of the Dungeon
 14183 | D:10     | Reached skill level 1 in Invocations
 14441 | D:10     | Reached skill level 1 in Evocations
 14757 | D:10     | Gained mutation: You are covered in fur (AC +1). [evolution]
 14905 | D:10     | Reached XP level 11. HP: 31/51 MP: 21/30
 15053 | D:10     | Noticed a seven-headed hydra
 15060 | D:10     | Killed a seven-headed hydra
 15678 | Lair:1   | Learned a level 1 spell: Summon Butterflies
 16565 | Lair:1   | Noticed an eight-headed hydra
 16569 | Lair:1   | Killed an eight-headed hydra
 16569 | Lair:1   | Reached **** piety under Sif Muna
 17244 | Lair:1   | Noticed an eight-headed hydra
 17257 | Lair:1   | Killed an eight-headed hydra
 17970 | Lair:1   | Reached ***** piety under Sif Muna
 18568 | Lair:2   | Noticed Fannar
 18661 | Lair:2   | Learned a level 2 spell: Swiftness
 18722 | Lair:2   | Lost mutation: You are frail (-10% HP). [evolution]
 19301 | Lair:2   | Killed Fannar
 19301 | Lair:2   | Reached skill level 1 in Charms
 19301 | Lair:2   | Reached XP level 12. HP: 62/62 MP: 0/32
 19477 | Lair:2   | Learned a level 4 spell: Summon Ice Beast
 20606 | Lair:3   | Found a staircase to the Shoals.
 20915 | Lair:3   | Reached skill level 1 in Ice Magic
 21382 | Lair:4   | Noticed a six-headed hydra
 21533 | Lair:4   | Killed a six-headed hydra
 21619 | Lair:4   | Noticed Maud
 21671 | Lair:4   | Reached skill level 5 in Hexes
 22289 | Lair:4   | Noticed an eight-headed hydra
 22305 | Lair:4   | Killed an eight-headed hydra
 22872 | Lair:4   | Noticed Harold
 22877 | Lair:4   | Found a hole to the Spider Nest.
 22959 | Lair:4   | Killed Harold
 22959 | Lair:4   | Reached ****** piety under Sif Muna
 22959 | Lair:4   | Reached skill level 5 in Evocations
 23140 | Lair:4   | Killed Maud
 23140 | Lair:4   | Reached skill level 10 in Spellcasting
 23678 | Lair:4   | HP: 3/62 [poisoned by a water moccasin]
 24024 | Lair:5   | Noticed a five-headed hydra
 24031 | Lair:5   | Killed a five-headed hydra
 24038 | Lair:5   | Noticed a five-headed hydra
 24042 | Lair:5   | Killed a five-headed hydra
 24097 | Lair:5   | Received a gift from Sif Muna
 24097 | Lair:5   | Reached skill level 5 in Invocations
 24097 | Lair:5   | Reached XP level 13. HP: 37/66 MP: 8/34
 24513 | Lair:5   | Identified Sif Muna's Disquisition on Destructive Good Luck (Sif Muna gifted it to you on level 5 of the Lair of Beasts)
 24771 | Lair:5   | Reached skill level 5 in Charms
 26469 | Lair:6   | Reached skill level 10 in Conjurations
 26929 | Lair:6   | Got a twisted shield
 27297 | Lair:6   | Lost mutation: Your muscles are strong. (Str +2) [evolution]
 27417 | Lair:1   | Lost mutation: You are covered in fur (AC +1). [potion of cure mutation]
 27417 | Lair:1   | Lost mutation: You evolve. [potion of cure mutation]
 27417 | Lair:1   | Lost mutation: You have a pair of small horns on your head. [potion of cure mutation]
 27417 | Lair:1   | Lost mutation: You have a considerably increased reservoir of magic (+20% MP). [potion of cure mutation]
 27417 | Lair:1   | Lost mutation: You have an increased reservoir of magic (+10% MP). [potion of cure mutation]
 27417 | Lair:1   | Lost mutation: You are partially covered in icy blue scales (AC +1). [potion of cure mutation]
 27435 | Lair:1   | Identified the +2 shield of Modesty {rPois MR- Regen+ Int-4} (You found it on level 6 of the Lair of Beasts)
 27762 | Lair:7   | Reached skill level 1 in Shields
 27845 | Lair:7   | Reached skill level 10 in Dodging
 28398 | Lair:7   | Reached skill level 5 in Ice Magic
 28400 | Lair:7   | Received a gift from Sif Muna
 28429 | Lair:7   | Reached XP level 14. HP: 38/71 MP: 2/31
 28519 | Lair:7   | Learned a level 3 spell: Ignite Poison
 28528 | Lair:7   | Learned a level 6 spell: Invisibility
 29964 | Lair:8   | Entered Level 8 of the Lair of Beasts
 30376 | Lair:8   | Found a staircase to the Slime Pits.
 31821 | Lair:1   | Learned a level 5 spell: Lightning Bolt
 31826 | Lair:1   | Learned a level 3 spell: Conjure Flame
 32254 | D:11     | Found a portal to a secret trove of treasure.
 32727 | D:11     | Reached skill level 10 in Fire Magic
 33183 | D:11     | Gained mutation: Your magical capacity is low (-10% MP). [mutagenic meat]
 33184 | D:11     | Gained mutation: Your muscles are strong. (Str +2) [mutagenic meat]
 33618 | Lair:1   | Lost mutation: Your magical capacity is low (-10% MP). [potion of cure mutation]
 33618 | Lair:1   | Lost mutation: Your muscles are strong. (Str +2) [potion of cure mutation]
 35739 | D:12     | Found a staircase to the Orcish Mines.
 35944 | D:12     | Learned a level 5 spell: Fireball
 35952 | D:12     | Learned a level 7 spell: Delayed Fireball
 35958 | D:12     | Learned a level 4 spell: Passage of Golubria
 36231 | D:11     | Learned a level 5 spell: Bolt of Magma
 36478 | D:13     | Reached XP level 15. HP: 75/75 MP: 18/33
 36600 | D:13     | Learned a level 5 spell: Lightning Bolt
 36631 | D:13     | Learned a level 1 spell: Magic Dart
 37178 | D:13     | Found a gate to the Vaults.
 37243 | D:13     | Found a stormy altar of Qazlal.
 37254 | D:13     | Found Fagiaczu's Food Shoppe.
 37257 | D:13     | Bought a meat ration for 65 gold pieces
 37257 | D:13     | Bought a bread ration for 65 gold pieces
 37257 | D:13     | Bought a fruit for 19 gold pieces
 37257 | D:13     | Bought a beef jerky for 19 gold pieces
 37257 | D:13     | Bought a bread ration for 65 gold pieces
 37257 | D:13     | Bought a beef jerky for 19 gold pieces
 37257 | D:13     | Bought a meat ration for 65 gold pieces
 37257 | D:13     | Bought a bread ration for 65 gold pieces
 37257 | D:13     | Bought 3 slices of pizza for 58 gold pieces
 37382 | D:13     | Found an ancient bone altar of Kikubaaqudgha.
 37772 | D:13     | Found Diuwowni's General Store.
 37778 | D:13     | Bought a potion of heal wounds for 90 gold pieces
 37778 | D:13     | Bought a scroll of remove curse for 54 gold pieces
 37778 | D:13     | Bought a scroll of identify for 36 gold pieces
 37778 | D:13     | Bought a scroll of identify for 36 gold pieces
 37778 | D:13     | Bought a potion of curing for 54 gold pieces
 38097 | D:13     | Got a bloodstained spear
 38098 | D:13     | Identified the +6 spear of the Queen {venom, Int+6} (You found it on level 13 of the Dungeon)
 38102 | D:13     | Noticed Frances
 38107 | D:13     | Killed Frances
 39298 | D:14     | Noticed Joseph
 39336 | D:14     | Killed Joseph
 39336 | D:14     | Reached skill level 10 in Charms
 40011 | D:14     | Gained mutation: You can translocate small distances at will. [mutagenic meat]
 40012 | D:14     | Gained mutation: You tend to lose your temper in combat. [mutagenic meat]
 40013 | D:14     | Gained mutation: You have an increased reservoir of magic (+10% MP). [mutagenic meat]
 40014 | D:14     | Gained mutation: You have a pair of small horns on your head. [mutagenic meat]
 40051 | D:14     | Noticed Sonja
 40194 | D:14     | Killed Sonja
 40401 | D:14     | Found an opulent altar of Gozag.
 40515 | D:15     | Entered Level 15 of the Dungeon
 41103 | D:15     | Received a gift from Sif Muna
 41141 | D:15     | Learned a level 3 spell: Regeneration
 41220 | D:15     | Gained mutation: You are resistant to electric shocks. [mutagenic meat]
 41222 | D:15     | Gained mutation: You possess an exceptional clarity of mind. [mutagenic meat]
 41223 | D:15     | Gained mutation: Your mind is acute. (Int +2) [potion of mutation]
 41223 | D:15     | Lost mutation: You tend to lose your temper in combat. [potion of mutation]
 41233 | D:15     | Learned a level 4 spell: Leda's Liquefaction
 42189 | Lair:1   | Lost mutation: You have a pair of small horns on your head. [potion of cure mutation]
 42189 | Lair:1   | Lost mutation: You possess an exceptional clarity of mind. [potion of cure mutation]
 42189 | Lair:1   | Lost mutation: Your mind is acute. (Int +2) [potion of cure mutation]
 42189 | Lair:1   | Lost mutation: You are resistant to electric shocks. [potion of cure mutation]
 42311 | Spider:1 | Entered Level 1 of the Spider Nest
 42504 | Lair:4   | Learned a level 7 spell: Ring of Flames
 42778 | Lair:4   | Reached skill level 1 in Throwing
 42778 | Lair:4   | Killed a ghost moth
 43348 | Spider:1 | Reached XP level 16. HP: 60/80 MP: 7/38
 43964 | Spider:1 | Learned a level 2 spell: Shroud of Golubria
 46266 | Spider:3 | Slain by a ghost moth

Skill      XL: |  1  2  3  4  5  6  7  8  9 10 11 12 13 14 15 16 |
---------------+-------------------------------------------------+-----
Stealth        | 3 4 5 6 |  6.5
Conjurations   | 2 3 4 5 6 7 8 9 10 | 10.5
Dodging        | 3 4 5 6 7 8 9 10 11 12 | 12.5
Spellcasting   | 5 6 7 8 9 10 11 12 13 | 13.5
Summonings     | 2 3 |  3.6
Poison Magic   | 1 2 3 4 5 6 7 |  7.7
Hexes          | 1 3 4 5 8 9 |  9.6
Fire Magic     | 1 2 5 6 8 10 12 13 | 13.0
Staves         | 1 2 |  2.2
Armour         | 1 3 |  3.1
Fighting       | 1 |  1.7
Earth Magic    | 3 5 7 8 9 |  9.2
Invocations    | 1 3 5 6 7 9 |  9.9
Evocations     | 1 4 5 |  5.2
Charms         | 1 4 5 8 11 13 | 13.0
Ice Magic      | 2 5 |  5.1
Shields        | 2 4 |  4.0
Translocations | 2 |  2.6
Throwing       | 1 3 |  3.0
Polearms       | |  0.4

Action                   |  1- 3 |  4- 6 |  7- 9 | 10-12 | 13-15 | 16-18 || total
-------------------------+-------+-------+-------+-------+-------+-------++-------
Melee: Unarmed           |     7 |     2 |       |       |       |       ||     9
       Dagger            |    11 |       |       |       |       |       ||    11
       Quarterstaff      |       |    57 |    65 |       |       |       ||   122
       Spear             |       |       |    91 |    84 |   103 |     1 ||   279
       Hand axe          |       |       |       |   329 |    89 |       ||   418
       Headbutt          |       |       |       |    44 |    15 |       ||    59
       Staff             |       |       |       |       |   107 |       ||   107
Throw: Throwing net      |       |       |       |     1 |       |       ||     1
 Cast: Magic Dart        |    69 |    82 |   338 |   388 |   230 |    15 ||  1122
       Repel Missiles    |     1 |       |     1 |       |     3 |       ||     5
       Mephitic Cloud    |     1 |     3 |    33 |    45 |   115 |    30 ||   227
       Call Imp          |       |     7 |       |       |       |       ||     7
       Blink             |       |     2 |     1 |    11 |     6 |       ||    20
       Conjure Flame     |       |     2 |     6 |     9 |     5 |       ||    22
       Bolt of Magma     |       |       |       |   133 |   317 |       ||   450
       Slow              |       |       |       |    10 |     3 |     1 ||    14
       Ignite Poison     |       |       |       |       |    49 |    12 ||    61
       Lightning Bolt    |       |       |       |       |   113 |       ||   113
       Swiftness         |       |       |       |       |     3 |       ||     3
       Invisibility      |       |       |       |       |     2 |       ||     2
       Fireball          |       |       |       |       |   100 |   103 ||   203
       Delayed Fireball  |       |       |       |       |     3 |     2 ||     5
       Ring of Flames    |       |       |       |       |     8 |     9 ||    17
       Regeneration      |       |       |       |       |     6 |     2 ||     8
       Shroud of Golubri |       |       |       |       |       |     6 ||     6
       Summon Butterflie |       |       |       |       |       |     1 ||     1
Invok: Channel Energy    |       |       |       |    26 |   181 |    42 ||   249
       Forget Spell      |       |       |       |     1 |    12 |       ||    13
 Abil: Evoke Flight      |       |       |       |     1 |       |       ||     1
       Release Delayed F |       |       |       |       |     2 |     2 ||     4
       Blink             |       |       |       |       |     1 |     2 ||     3
Evoke: Wand              |       |       |       |     1 |       |       ||     1
  Use: Scroll            |       |       |    14 |     7 |    28 |     1 ||    50
       Potion            |       |       |     1 |       |     7 |     2 ||    10
 Stab: Sleeping          |     5 |     1 |     5 |    16 |     1 |       ||    28
       Confused          |     1 |       |     9 |    21 |       |       ||    31
       Petrifying        |       |     1 |       |       |       |       ||     1
       Paralysed         |       |       |     2 |       |       |       ||     2
  Eat: Chunk             |     2 |     7 |    27 |    72 |    84 |     6 ||   198
       Bread ration      |       |       |     3 |     1 |     7 |     3 ||    14
       Meat ration       |       |       |       |       |     5 |       ||     5
       Fruit             |       |       |       |       |     2 |     1 ||     3
       Royal jelly       |       |       |       |       |       |     1 ||     1
Armor: Robe              |     3 |     1 |     8 |       |       |       ||    12
       Leather armour    |       |       |    22 |   117 |   152 |    28 ||   319
Dodge: Dodged            |    24 |    29 |    95 |   416 |   423 |    48 ||  1035
       Deflected         |     1 |       |       |     4 |    23 |       ||    28
Block: Buckler           |       |       |       |       |   128 |    38 ||   166
